Cogmind - Beta 16 @@@ ROGUE MODE // 2025.11.15 @ 14:08:52 Player: Palikka Result: Self-destructed Performance ------------- Evolutions (3) 1500 Regions Visited (5) 1000 Robots Destroyed (97) 485 Value Destroyed (3117) 3117 Prototype IDs (5) 100 Alien Tech Used (0) 0 Bonus (13) 13 TOTAL SCORE: 6215 Bonus ------- High Alert Combat Kills 13 Cogmind --------- Core Integrity 403/700 Matter 235/300 Energy 290/290 System Corruption 2% Temperature Cool (0) Movement Rolling (145) Ox3 Location -7/Lower Caves Parts ------- > --- POWER (1) -------- Improved Deuterium Engine > --- PROPULSION (4) --- Armored Treads Compact Wheel (fused) > --- UTILITY (6) ------ Large Storage Unit Improved Signal Interpreter Advanced Targeting Computer Hardened Light Armor Plating Improved Light Armor Plating Improved Light Armor Plating > --- WEAPON (2) ------- High-powered Shotgun Advanced Assault Cannon > --- INVENTORY (15) --- Light Deuterium Engine Micro Nuclear Core Improved Carbon-fiber Leg Improved Carbon-fiber Leg Gravmag System Improved Cesium-ion Thruster High-capacity Storage Unit High-capacity Matter Pod (0) Improved Light Armor Plating Heavy Ion Cannon Subdweller Machine Gun Gauss Rifle Rocket Launcher Heavy Mace Powered Hammer Peak State ------------ > --- POWER ------------ Nuclear Core > --- PROPULSION ------- Light Treads Light Treads Improved Titanium Leg Compact Wheel > --- UTILITY ---------- Improved Cooling System Large Storage Unit Improved Signal Interpreter Advanced Targeting Computer Hardened Heavy Armor Plating > --- WEAPON ----------- Gauss Rifle Gauss Cannon > --- INVENTORY -------- Micro Nuclear Core Improved Hover Unit Gravmag System Improved Cesium-ion Thruster High-capacity Storage Unit High-capacity Matter Pod Seismic Detector Heavy Laser Heavy Ion Cannon Subdweller Machine Gun High-powered Shotgun Advanced Assault Cannon Rocket Launcher Heavy Hammer Scythe [Rating: 41] Favorites ----------- Power Nuclear Core Engine Improved Ion Engine Power Core Nuclear Core Propulsion Light Treads Treads Light Treads Leg Improved Titanium Leg Wheel Compact Wheel Flight Unit Flight Unit Utility Large Storage Unit Device Seismic Detector Storage Large Storage Unit Processor Improved Signal Interpreter Hackware Hacking Suite Protection Hardened Light Armor Plating Weapon Gauss Cannon Energy Gun Medium Laser Ballistic Gun Light Assault Rifle Ballistic Cannon Gauss Cannon Launcher Rocket Launcher Build | -11 -10 -10 -8 -7 -7 ------- Run | Yrd Mat Sub Mat Fac Low Slots Evolved 6 | . . . 4 2 . Power . | . . . . . . Propulsion 2 | . . . 2 . . Utility 4 | . . . 2 2 . Weapon . | . . . . . . Parts Attached 81 | 2 9 4 38 28 . Power 9 | . 4 . 2 3 . Engine 6 | . 4 . 1 1 . Core 3 | . . . 1 2 . Reactor . | . . . . . . Propulsion 21 | . 2 1 12 6 . Treads 13 | . 2 1 7 3 . Leg 1 | . . . . 1 . Wheel 5 | . . . 3 2 . Hover . | . . . . . . Flight 2 | . . . 2 . . Utility 27 | 1 2 1 9 14 . Device 10 | 1 . 1 4 4 . Storage 3 | . 2 . . 1 . Processor 4 | . . . 1 3 . Hackware 1 | . . . 1 . . Protection 9 | . . . 3 6 . Artifact . | . . . . . . Weapon 24 | 1 1 2 15 5 . Energy Gun 4 | 1 1 . 2 . . Energy Cannon . | . . . . . . Ballistic Gun 11 | . . 2 7 2 . Ballistic Cannon 7 | . . . 4 3 . Launcher 2 | . . . 2 . . Special Weapon . | . . . . . . Impact Weapon . | . . . . . . Slashing Weapon . | . . . . . . Piercing Weapon . | . . . . . . Special Melee Weapon . | . . . . . . Unidentified Prototypes 1 | . . . 1 . . Parts Lost 39 | . 1 3 14 20 1 Power 4 | . 1 1 1 1 . Propulsion 13 | . . 1 5 6 1 Utility 13 | . . 1 3 9 . Weapon 9 | . . . 5 4 . Highest Loss Streak 11 | . 1 3 11 6 1 To Critical Strikes . | . . . . . . Average Backups 13 | 6 11 13 13 14 15 Power . | 1 . . . 1 2 Propulsion 2 | 4 3 2 2 3 4 Utility 2 | . 2 2 4 2 3 Weapon 6 | 1 3 7 5 7 6 Tool/Special . | . . . . . . Unused Backups 47 | 5 4 . 15 10 13 Power 7 | 1 2 . 1 1 2 Propulsion 13 | 2 1 . 3 3 4 Utility 10 | 1 1 . 5 . 3 Weapon 16 | 1 . . 5 6 4 Tool/Special 1 | . . . 1 . . Average Slot Usage (%) 90 | . 98 87 92 86 92 Engine 5 | . 13 2 6 . 7 Core 2 | . . . . 6 . Treads 22 | . 23 27 26 17 7 Leg 1 | . 3 . . 1 . Wheel 3 | . . . 4 5 15 Flight 1 | . . . 3 . . Device 8 | . 13 13 4 8 . Storage 9 | . 14 14 8 7 7 Processor 7 | . . . 4 15 15 Hackware 2 | . . . 8 . . Protection 4 | . . . 6 5 23 Energy Gun 3 | . 13 2 . . . Ballistic Gun 11 | . 14 25 10 6 7 Ballistic Cannon 4 | . . . 7 6 7 Peak Build Rating 41 | 7 8 9 25 41 35 Average Rating 20 | 6 7 7 20 30 34 On Entrance 15 | 6 7 8 9 25 35 Avg Prop Armor Cover (%) 9 | . . . 10 8 7 Naked Turns . | . . . . . . Heaviest Build 60 | 13 29 30 44 60 50 Greatest Support 80 | 20 40 40 80 80 32 Greatest Overweight (x) 3 | . . . 2 3 1 Average Overweight (x) . | . . . . . 1 Largest Inventory Capacity 15 | 8 15 15 15 15 15 Average Capacity 14 | 8 14 15 14 15 15 Most Carried 15 | 7 15 15 15 15 15 Average Carried 13 | 6 11 13 13 14 15 Final Capacity 15 | 8 15 15 15 15 15 Final Carried 15 | 6 14 15 15 15 15 Class Distribution -------------------- 53% | Mutant 46% | Scavenger-Mutant Dominant Class ---------------- Mutant | -10/Materials Mutant | -10/Subcaves Scavenger-Mutant | -8/Materials Mutant | -7/Factory Mutant | -7/Lower Caves Resources | -11 -10 -10 -8 -7 -7 ----------- Run | Yrd Mat Sub Mat Fac Low Matter Collected 3168 | 228 405 90 988 1457 . Remotely . | . . . . . . Salvage Created 3265 | 177 708 142 1234 1004 . Parts 206 | 9 43 10 77 67 . Haulers Intercepted 6 | . 2 . 4 . . Recyclers Shooed 5 | . 1 . 3 1 . Parts Field Recycled . | . . . . . . Retrieved Matter . | . . . . . . Parts Self-Destructed 4 | . . 4 . . . Prevented . | . . . . . . Parts Restored . | . . . . . . Kills | -11 -10 -10 -8 -7 -7 ------- Run | Yrd Mat Sub Mat Fac Low Combat Hostiles Destroyed 65 | . 10 3 29 23 . Guns 37 | . 10 3 11 13 . Cannons 21 | . . . 11 10 . AOE 7 | . . . 7 . . Classes Destroyed 14 | 2 5 2 3 2 . Worker 2 | . . . 2 . . Builder 2 | . . . 1 1 . Tunneler 4 | 3 . . 1 . . Hauler 6 | . 2 . 4 . . Recycler 7 | 1 2 . 1 3 . Operator 1 | . 1 . . . . Watcher 10 | . 3 . 4 3 . Swarmer 12 | . 2 . 6 4 . Grunt 27 | . 8 . 15 4 . Duelist 1 | . . . . 1 . Sentry 14 | . . 1 7 6 . Hunter 3 | . . . 1 2 . Programmer 6 | . . . . 6 . Subdweller 2 | . . 2 . . . Best Kill Streak 7 | 2 3 2 4 7 . Combat Bots Only 5 | . 2 2 3 5 . Max Kills in Single Turn 3 | 1 1 1 3 2 . Gunslinging . | . . . . . . Exploded 3 | . . . 3 . . Melee . | . . . . . . Uniques/NPCs Destroyed . | . . . . . . Combat | -11 -10 -10 -8 -7 -7 -------- Run | Yrd Mat Sub Mat Fac Low Hostile Shots Fired 703 | . 70 31 191 402 9 Missed 188 | . 18 3 49 113 5 Hits 515 | . 52 28 142 289 4 Melee 5 | . . . . 5 . Projectile 510 | . 52 28 142 284 4 Critical Strikes 14 | . 3 2 5 4 . Damage Taken 6146 | . 578 535 2187 2819 27 Core 841 | . 164 48 332 297 . Absorbed by Shields 35 | . . . . 35 . Regen/Repaired (Parts) 315 | . 155 . 160 . . Core Remaining (%) 51 | 100 . 15 39 . . Volleys Fired 313 | 8 82 15 117 91 . Largest 2 | 2 2 2 2 2 . Hottest 83 | 60 70 70 83 68 . Shots Fired 591 | 16 158 28 212 177 . Gun 431 | 16 158 28 141 88 . Cannon 144 | . . . 58 86 . Launcher 16 | . . . 13 3 . Special . | . . . . . . Kinetic 472 | 8 82 16 192 174 . Thermal 98 | 3 76 12 7 . . Explosive 16 | . . . 13 3 . Electromagnetic 5 | 5 . . . . . Robot Hit Streak 41 | 4 9 10 19 41 . Robot Miss Streak 8 | 1 4 1 8 4 . Penetration Max 1 | . . . . 1 . Secondary Targets 5 | . 4 . 1 . . Max Gunslinging Chain 1 | . 1 . 1 . . Shots Hit Robots 407 | 10 91 22 154 130 . Core Hits 200 | 6 37 6 99 52 . Critical Kills 2 | . . . 1 1 . Critical Parts Destroyed 1 | . 1 . . . . Critical Strikes 13 | . 4 1 3 5 . Burn 4 | . 3 1 . . . Destroy 3 | . 1 . 1 1 . Blast 6 | . . . 2 4 . Melee Attacks . | . . . . . . Impact . | . . . . . . Slashing . | . . . . . . Piercing . | . . . . . . Sneak Attacks . | . . . . . . Combat Hostiles . | . . . . . . Follow-up Attacks . | . . . . . . Damage Inflicted 7724 | 136 942 292 3241 3113 . Guns 3928 | 112 932 292 1237 1355 . Cannons 2657 | . . . 1018 1639 . Explosions 1129 | 24 . . 986 119 . Melee . | . . . . . . Ramming 10 | . 10 . . . . Kinetic 5683 | 40 355 167 2127 2994 . Thermal 875 | 45 577 125 128 . . Explosive 1105 | . . . 986 119 . Electromagnetic 51 | 51 . . . . . Impact . | . . . . . . Slashing . | . . . . . . Piercing . | . . . . . . Highest Corruption 2 | . . . . 2 2 Average Corruption 1 | . . . . 1 2 Corruption Purged . | . . . . . . Corruption Blocked . | . . . . . . Effects 8 | . . . . 8 . Message Errors 3 | . . . . 3 . Matter Fused 3 | . . . . 3 . Energy Discharges 1 | . . . . 1 . Parts Fused 1 | . . . . 1 . Overload Shots . | . . . . . . Overflow Damage 78 | . . . 48 30 . Projectiles 40 | . . . 10 30 . Explosions 38 | . . . 38 . . Melee . | . . . . . . Knockbacks 19 | . . . 10 9 . Impact . | . . . . . . Kinetic 18 | . . . 10 8 . Secondary 1 | . . . . 1 . Self-Inflicted Damage 20 | . . . . 20 . Shots 1 | . . . . 1 . Rammed 2 | . 2 . . . . Targets Rammed 2 | . 2 . . . . Kicked . | . . . . . . Crushed . | . . . . . . Highest Temperature 172 | 20 172 . 84 60 . Average Temperature 41 | 14 51 . 27 23 . Received Heat Transfer 2103 | . 252 108 1089 648 6 Siege Activations . | . . . . . . Martial Activations . | . . . . . . Shielding Activations . | . . . . . . Robots Disrupted . | . . . . . . Combat Hostiles . | . . . . . . Robots Corrupted . | . . . . . . Combat Hostiles . | . . . . . . Parts Fried . | . . . . . . Impact Corruptions . | . . . . . . Robots Melted . | . . . . . . Combat Hostiles . | . . . . . . Parts Melted 4 | . 3 1 . . . Heat Transferred 2489 | 100 1795 444 150 . . Parts Sabotaged . | . . . . . . Parts Stolen . | . . . . . . Parts Stripped . | . . . . . . Power Chain Reactions 1 | 1 . . . . . Alert | -11 -10 -10 -8 -7 -7 ------- Run | Yrd Mat Sub Mat Fac Low Maximum Alert Level 2 | . . . 1 2 . Low Security (%) 73 | 100 100 . 84 49 . Level 1 25 | . . . 15 49 . Level 2 . | . . . . 1 . Level 3 . | . . . . . . Level 4 . | . . . . . . Level 5 . | . . . . . . High Security . | . . . . . . Max Security . | . . . . . . Peak Influence 402 | 10 60 . 256 402 . Initial 107 | . . . 1 107 . Average 103 | 2 16 . 82 170 . Influence Increases 2270 | 20 369 20 944 917 . Destroy 0b10 Robot/C 1260 | . 200 20 580 460 . Destroy 0b10 Robot/NC 160 | 20 40 . 65 35 . Destroy Leader 402 | . 60 . 166 176 . Successful Hack 65 | . 9 . 22 34 . Disable Machine 90 | . . . 15 75 . Destroy Structure 143 | . . . 81 62 . Lose Combat Pursuer 150 | . 60 . 15 75 . Influence Decreases 2031 | 20 352 33 710 759 157 Entered New Map 290 | . . 9 3 131 147 Time Decay 1330 | 20 342 24 522 422 . Lost Part 251 | . 10 . 71 160 10 Lost Ally 10 | . . . . 10 . Purge Threat 150 | . . . 114 36 . Squads Dispatched 15 | . 2 . 5 8 . Investigation 2 | . . . 2 . . Extermination 5 | . . . . 5 . Reinforcement 7 | . 2 . 2 3 . Assault . | . . . . . . Garrison 1 | . . . 1 . . Intercept . | . . . . . . Searches Triggered . | . . . . . . Construction Impeded 1 | . . . . 1 . Haulers Reinforced . | . . . . . . Active Scanning Responses . | . . . . . . Cargo Convoy Interrupts . | . . . . . . Stealth | -11 -10 -10 -8 -7 -7 --------- Run | Yrd Mat Sub Mat Fac Low Distress Signals 5 | . . . 1 4 . Communications Jammed . | . . . . . . Distress Signals . | . . . . . . Times Spotted 105 | . 22 3 41 38 1 Peak Tracking Total 5 | . 3 2 5 5 1 Tactical Retreats 8 | . 4 . 1 3 . Traps | -11 -10 -10 -8 -7 -7 ------- Run | Yrd Mat Sub Mat Fac Low Traps Triggered 4 | . 1 . 1 2 . Indirectly . | . . . . . . Trap Hack Attempts . | . . . . . . Triggered . | . . . . . . Disarmed . | . . . . . . Reprogrammed . | . . . . . . Reused . | . . . . . . Traps Extracted . | . . . . . . Installed . | . . . . . . Triggered . | . . . . . . Machines | -11 -10 -10 -8 -7 -7 ---------- Run | Yrd Mat Sub Mat Fac Low Machines Disabled 6 | . . . 1 5 . Max in Single Turn 4 | . . . 1 4 . Garrison Access 1 | . . . 1 . . Machines Repaired . | . . . . . . Machines Dismantled . | . . . . . . Machines Sabotaged . | . . . . . . Overloaded Fab Kills . | . . . . . . Hacking | -11 -10 -10 -8 -7 -7 --------- Run | Yrd Mat Sub Mat Fac Low Machines Accessed 26 | . 5 1 13 7 . Terminals 17 | . 4 . 9 4 . Fabricators . | . . . . . . Repair Stations 4 | . 1 . 2 1 . Recycling Units 1 | . . . . 1 . Scanalyzers 2 | . . . 1 1 . Garrison Access 1 | . . . 1 . . Total Hacks 75 | . 14 4 42 15 . Successful 47 | . 7 4 29 7 . Failed 27 | . 7 . 13 7 . Catastrophic 1 | . . . . 1 . Database Lockouts 1 | . . . . 1 . Manual 31 | . 7 . 19 5 . Terminals 47 | . 7 . 31 9 . Fabricators . | . . . . . . Repair Stations 13 | . 7 . 5 1 . Recycling Units 2 | . . . . 2 . Scanalyzers 8 | . . . 5 3 . Garrison Access 1 | . . . 1 . . Terminal Hacks 15 | . . 4 8 3 . Record 4 | . . 4 . . . Prototype ID Bank 2 | . . . 2 . . Branch Access Points 1 | . . . . 1 . Emergency Access Points 1 | . . . 1 . . Repair Station Index 1 | . . . 1 . . Alert Level 2 | . . . 2 . . Unreport Threat 2 | . . . 1 1 . Locate Traps 1 | . . . 1 . . Zone Layout 1 | . . . . 1 . Fabricator Hacks . | . . . . . . Repair Station Hacks 11 | . 6 . 5 . . Scan Component 5 | . 3 . 2 . . Repair 5 | . 3 . 2 . . Refit 1 | . . . 1 . . Recycling Unit Hacks 1 | . . . . 1 . Report Inventory 1 | . . . . 1 . Scanalyzer 3 | . . . 2 1 . Retrieve Study 3 | . . . 2 1 . Garrison Access Hacks 1 | . . . 1 . . Seal Access 1 | . . . 1 . . Unauthorized Hacks 16 | . 1 . 13 2 . Terminals 16 | . 1 . 13 2 . Track 4 | . . . 4 . . Assimilate 1 | . . . . 1 . Botnet 6 | . 1 . 4 1 . Skim 5 | . . . 5 . . Fabricators . | . . . . . . Repair Stations . | . . . . . . Recycling Units . | . . . . . . Scanalyzers . | . . . . . . Garrison Access . | . . . . . . Data Cores Recovered . | . . . . . . Used . | . . . . . . Hacking Detections 20 | . 5 . 9 6 . Full Trace Events 2 | . 1 . 1 . . Feedback Events . | . . . . . . Feedback Blocked . | . . . . . . Robot Schematics Acquired . | . . . . . . Robots Built . | . . . . . . Authchips . | . . . . . . Time . | . . . . . . Total Robot Build Rating . | . . . . . . Part Schematics Acquired . | . . . . . . Parts Built . | . . . . . . Authchips . | . . . . . . Time . | . . . . . . Total Part Build Rating . | . . . . . . Part Studies Acquired 3 | . . . 2 1 . Parts Repaired 5 | . 3 . 2 . . Time 130 | . 78 . 52 . . Parts Recycled . | . . . . . . Recycled Matter . | . . . . . . Retrieved Matter . | . . . . . . Retrieved Components . | . . . . . . Parts Scanalyzed . | . . . . . . Part Schematics Acquired . | . . . . . . Parts Damaged . | . . . . . . Bothacking | -11 -10 -10 -8 -7 -7 ------------ Run | Yrd Mat Sub Mat Fac Low Used RIF Installer . | . . . . . . Robots Hacked . | . . . . . . Non-combat . | . . . . . . Combat . | . . . . . . Robot Hacks Applied . | . . . . . . Relay Couplers Released . | . . . . . . Fabnet Peak Effective % . | . . . . . . Robots Rewired . | . . . . . . Allies Hacked . | . . . . . . Hacks Repelled . | . . . . . . Allies | -11 -10 -10 -8 -7 -7 -------- Run | Yrd Mat Sub Mat Fac Low Total Allies 1 | . . . . 1 . Largest Group 1 | . . . . 1 . Highest-Rated Group 10 | . . . . 10 . Highest-Rated Ally 10 | . . . . 10 . Total Orders . | . . . . . . Ally Attacks . | . . . . . . Total Damage . | . . . . . . Kills . | . . . . . . Allies Corrupted . | . . . . . . Allies Melted . | . . . . . . Intel | -11 -10 -10 -8 -7 -7 ------- Run | Yrd Mat Sub Mat Fac Low Active Infowar (turns) 2962 | 3 1307 641 169 842 . Seismic 2962 | 3 1307 641 169 842 . Robot Analysis Total . | . . . . . . Derelict Logs Recovered 1 | . . 1 . . . Drone Launches . | . . . . . . Drone Recoveries . | . . . . . . Exploration | -11 -10 -10 -8 -7 -7 ------------- Run | Yrd Mat Sub Mat Fac Low Turns Passed 6703 | 67 1333 683 2105 2501 14 Spaces Moved 3187 | 29 633 231 968 1314 12 Core 25 | . . . 25 . . Treads 2305 | . 538 231 771 765 . Legs 125 | 29 95 . . 1 . Wheels 729 | . . . 169 548 12 Hover . | . . . . . . Flight 3 | . . . 3 . . Fastest Speed 37 | 120 120 160 37 115 115 Average Speed 153 | 120 153 160 154 152 115 Slowest Speed 270 | 120 160 160 240 270 115 Overloaded Moves . | . . . . . . Propulsion Burnouts . | . . . . . . Robots Hopped . | . . . . . . Potential Cave-ins . | . . . . . . Cave-ins Triggered . | . . . . . . Exploration Rate (%) 39 | 4 98 15 74 35 9 Regions Visited 5 Branch Regions 2 Pre-discovered Areas 2 | . . 1 1 . . Known Exits Taken 2 | . . . 1 1 . Unknown Exits Taken 3 | 1 1 1 . . . Scrap Searched . | . . . . . . Spaces Dug 20 | . . . . 20 . Terrain Destroyed 179 | 5 . . 113 61 . Melee . | . . . . . . Projectile 23 | . . . 2 21 . AOE 156 | 5 . . 111 40 . Terrain Rammed . | . . . . . . Walls Destroyed . | . . . . . . Machines Disabled . | . . . . . . Actions | -11 -10 -10 -8 -7 -7 --------- Run | Yrd Mat Sub Mat Fac Low Total 4434 | 46 850 516 1374 1636 12 Wait 690 | 7 99 261 171 152 . Move 3182 | 28 632 230 967 1313 12 Hop . | . . . . . . Pick Up 70 | 1 11 3 32 23 . Fast Attach 41 | . 3 1 21 16 . Attach 28 | 1 4 3 9 11 . Detach 5 | . 3 1 . 1 . Swap 37 | 1 6 2 21 7 . Drop 65 | . 8 . 36 21 . Fire 313 | 8 82 15 117 91 . Melee . | . . . . . . Ram . | . . . . . . Kick . | . . . . . . Crush 2 | . 2 . . . . Escape Stasis 1 | . . . . 1 . Rewire . | . . . . . . Trap . | . . . . . . Miscellaneous . | . . . . . . Route ------- -11/Scrapyard -10/Materials (discovered 5 exits: [*Mat x3] / [*Min] / *Sub) -10/Subcaves -8/Materials (discovered 4 exits: *Fac x3 / [*Sto]) -7/Factory (discovered 5 exits: *Fac x3 / *Low x2) -7/Lower Caves History --------- Turn | Location | Event 1 | -11/Scrapyard | Discovered new exit (range 2) 68 | -11/Scrapyard | Entered Materials 303 | -10/Materials | Build established: Mutant 588 | -10/Materials | Discovered new exit (range 3) 662 | -10/Materials | Discovered new exit (range 16) 760 | -10/Materials | Core integrity fell below 50% 1057 | -10/Materials | Discovered new exit (range 14) 1126 | -10/Materials | Discovered new exit (range 8) 1173 | -10/Materials | Repaired Lgt. Treads 1200 | -10/Materials | Repaired Seismic Detector 1228 | -10/Materials | Repaired Med. Laser 1389 | -10/Materials | Discovered new exit (range 8) 1401 | -10/Materials | Entered Subcaves 1402 | -10/Subcaves | Approached by a straggling Scientist 1415 | -10/Subcaves | Shifting Twisted Machinery released Humpback 1424 | -10/Subcaves | Visited Clippyterm 1429 | -10/Subcaves | Learned Factory stockpile data 1471 | -10/Subcaves | Core integrity fell below 20% 1524 | -10/Subcaves | Lost 3 parts (1p1n1u) 1534 | -10/Subcaves | Shifting Twisted Machinery released Sub. Laser 2038 | -10/Subcaves | Learned location of Zion (-6) 2056 | -10/Subcaves | Discovered new exit (range 15) 2084 | -10/Subcaves | Entered Materials 2084 | -8/Materials | Evolved 4 slots: Propulsion x2, Utility x2 2302 | -8/Materials | Lost 11 parts (1p4n3u3w) 2574 | -8/Materials | Build established: Scavenger-Mutant 2626 | -8/Materials | Discovered new exit (range 11) 2637 | -8/Materials | Garrison activated, responded to threat 2992 | -8/Materials | Discovered new exit (range 16) 3002 | -8/Materials | Core integrity fell below 50% 3128 | -8/Materials | Identified exit to Factory 3379 | -8/Materials | Learned location of Lower Caves (-7) 3433 | -8/Materials | Learned location of 2 exits from Factory 3506 | -8/Materials | Learned 4 Lower Caves zone layouts 3538 | -8/Materials | Learned Storage stockpile data 3560 | -8/Materials | Learned Storage emergency access door positions 3594 | -8/Materials | Learned location of 1 exit from Extension 3816 | -8/Materials | Repaired Lgt. Treads 3843 | -8/Materials | Repaired Lgt. Treads 4189 | -8/Materials | Entered Factory 4189 | -7/Factory | Evolved 2 slots: Utility x2 4190 | -7/Factory | Identified exit to Factory 4191 | -7/Factory | Identified exit to Lower Caves 4348 | -7/Factory | Lost 3 parts (3u) 4849 | -7/Factory | Central database locked down 5713 | -7/Factory | Build established: Mutant 6259 | -7/Factory | Discovered exit to Factory (range 11) 6438 | -7/Factory | Lost 6 parts (1p2n1u2w) 6515 | -7/Factory | Discovered exit to Factory (range 4) 6690 | -7/Factory | Entered Lower Caves 6704 | -7/Lower Caves | Attracted the attention of an 0b10 checkpoint 6704 | -7/Lower Caves | Self-destructed Last Messages --------------- 06629_ Penetrated by Slug. 06631_ H-55 Commando knocked back. 06632_ Penetrated by Slug. 06634_ H-55 Commando suffers critical hit (Destroy). 06634_ H-55 Commando destroyed. 06636_ U-05 Engineer builds a Wall. 06640_ Acquired 2 matter. 06646_ U-05 Engineer lays Concrete. 06648_ U-05 Engineer builds a Door. 06659_ Acquired Imp. Light Armor Plating. 06664_ Dropped Hrd. Medium Armor Plating. 06667_ Dropped Hcp. Matter Pod. 06668_ Extracted 200 matter. 06668_ Acquired Hcp. Matter Pod. 06685_ U-05 Engineer lays Concrete. LOCATION=LOWER CAVES GOAL=ESCAPE Loading 4 Lower Caves zones... 06703_ Com. Wheel destroyed. 06704_ Y-54 Guardian: "INTERCEPTING UNREGISTERED DERELICT." Map ----- +----------------------------------------------------+ | ?????????????????????????????????????????????????? | | ?????????????????????????????????????????????????? | | ???????????????????????????? ???????????????????? | | ?????????????????????????? #??????????????????? | | ??????????????????????? ??????????????????? | | ????????????????????? ??????????????????? | | ????????????????????? ??????????????????? | | #????????????????????? ?## #???????????? | | #?????????????????????# ??## #???????????? | | #????????????????????## ##?####???????????? | | #???###?????????? #### ##???????????????? | | #?### #??????????? #??####?????????? | | ?## #??????????# #??# ##????????? | | ## #??????????# #??# #????????? | | ? ??????????# Y ##??## ##???????? | | ? ###??????????# ? #????# ##??????? | | ##????????????# ??# #????# ##?????? | | ?##??????????????? ??# #??### #?????? | | ? #????????????????? ??### #?## #?????? | | ? ##????????????????? ????# ### ## #?????? | | #??????????????????# ????# #####????? | | #??????? ???????# ##### ## ## ##???? | | #??????? ##### ### #???? | | #?????? ## #???? | | ##?????? #???? | | ######?????# @ #???? | | #### ?????# """"" " """" ### ## ##???? | | ##??????????""""" """ #?# ######????? | | #???????????? "" "" "" #?# ##?????????? | | #####????????????" "" " #?# #??????????? | | ##??????????????? #?# #??????????? | | ?????????????????""""" """""" #?# ##?????????? | | ????????????????" """ """ #????????????????? | | ????????????????" ??"?" " "" #????????????????? | | ???????????????? $?????? ?""" #????????????????? | | ?????????????????????????? ? #????????????????? | | ???????????????????????????? #????????????????? | | ???????????????????????????? #????????????????? | | ????????????????????????????#####????????????????? | | ?????????????????????????????????????????????????? | | ?????????????????????????????????????????????????? | | ?????????????????????????????????????????????????? | | ?????????????????????????????????????????????????? | | ?????????????????????????????????????????????????? | | ?????????????????????????????????????????????????? | | ?????????????????????????????????????????????????? | | ?????????????????????????????????????????????????? | | ?????????????????????????????????????????????????? | | ?????????????????????????????????????????????????? | | ?????????????????????????????????????????????????? | +----------------------------------------------------+ Best States ------------- Heat Dissipation 75 Energy Generation 16 Energy Capacity 290 Matter Stores 300 Matter Capacity 300 Sight Range 16 Terrain Scan Density 10 Armor Coverage 600 Evasion (%) 55 Targeting Accuracy 8 Target Analysis 5 Recoil Reduction 4 Offensive Hacking 10 Item Schematics ----------------- None Robot Schematics ------------------ None Fabricated ------------ Nothing Repaired ---------- Lgt. Treads | 35% | -10/Materials Seismic Detector | 20% | -10/Materials Med. Laser | 31% | -10/Materials Lgt. Treads | 30% | -8/Materials Lgt. Treads | 55% | -8/Materials Studied --------- Rocket Launcher | -8/Materials | Hacked Hpw. Shotgun | -8/Materials | Hacked Gauss Rifle | -7/Factory | Hacked Alien Tech Used ----------------- None Achievements -------------- Fitting Room Challenges ------------ None Game ------ Seed MinesnifferPhaseChargecaster Manual? 0 Play Time 00:47:56 Cumulative 436.8 hours Start 2025.11.15 @ 13:20:36 End 2025.11.15 @ 14:08:52 Sessions 1 Manual Loads 0 Difficulty Rogue Special Mode None Game No. 476 Rogue 476 Adventurer 0 Explorer 0 Win Type - Total 39 Types 29/0/7/3/0/0/0/0/0/0 Lore% 81 Gallery% 71 Achievement% 44 Wizard Run 0 Options --------- Layout 0 ASCII 0 Keyboard 1 Movement Numpad Keybinds 0 Fullscreen 1 Font 24/Smallcaps Map View 76x50 Zoom Use 0% Tactical HUD 1 Map Filters NONE Filters NONE Steam 1 RUN: 434f354a-b6e1-4140-ab76-31a59c166e28